[Event "Titled Tuesday Blitz November 14 Late 2023"]
[White "Tsukerman, Julia"]
[Black "patzersame"]
[WhiteFideId "2621649"]
[WhiteElo "2157"]
[BlackElo "2316"]
[Result "0-1"]
[Round "6"]
[TimeControl "180+1"]
[Date "2023.11.14"]
[WhiteClock "0:01:20"]
[BlackClock "0:01:42"]
[Board "126"]

1. e4 e5 2. Nf3 Nf6 3. Nxe5 d6 4. Nf3 Nxe4 5. Nc3 Nxc3 6. dxc3 Be7 7. Bf4 O-O 8. Qd2 Be6 9. O-O-O Bxa2 10. b3 a5 11. Kb2 a4 12. Kxa2 axb3+ 13. Kb2 Ra2+ 14. Kxb3 Ra8 15. Kb2 c5 16. Qd5 Qa5 17. Qb3 d5 18. c4 b5 19. Rxd5 Qa1# 0-1


[Site "https://www.chess.com"]

[Event "Titled Tuesday Blitz November 14 Late 2023"]
[White "Michalski, Olaf"]
[Black "Bazzano, Sebastian"]
[WhiteFideId "1106740"]
[BlackFideId "104566"]
[WhiteElo "2145"]
[BlackElo "2309"]
[Result "1-0"]
[Round "6"]
[TimeControl "180+1"]
[Date "2023.11.14"]
[WhiteClock "0:00:13"]
[BlackClock "0:00:00"]
[Board "127"]

1. d4 Nf6 2. Nf3 g6 3. c4 c5 4. d5 e6 5. Nc3 exd5 6. cxd5 d6 7. Nd2 Bg7 8. Nc4 O-O 9. Bf4 Ne8 10. Qd2 a6 11. a4 Nd7 12. Nxd6 Nxd6 13. Bxd6 Re8 14. e3 Qb6 15. Bg3 Nf6 16. a5 Qd8 17. Bc4 Ne4 18. Nxe4 Rxe4 19. Rc1 h5 20. f3 Re8 21. O-O Rxe3 22. Bf2 Re8 23. Bxc5 Bf5 24. Rfe1 Qf6 25. b4 h4 26. h3 Kh7 27. Rxe8 Rxe8 28. Re1 Bh6 29. Qd1 Rxe1+ 30. Qxe1 Qb2 31. Qd1 1-0


[Site "https://www.chess.com"]

[Event "Titled Tuesday Blitz November 14 Late 2023"]
[White "Elbebiber"]
[Black "Clawitter, Craig"]
[BlackFideId "2023105"]
[WhiteElo "2062"]
[BlackElo "2275"]
[Result "1-0"]
[Round "6"]
[TimeControl "180+1"]
[Date "2023.11.14"]
[WhiteClock "0:00:22"]
[BlackClock "0:00:00"]
[Board "128"]

1. d4 e6 2. Nf3 Nf6 3. Bg5 c5 4. c3 b6 5. e3 Bb7 6. Bd3 Be7 7. Nbd2 Nd5 8. Bxe7 Qxe7 9. O-O O-O 10. Be4 d6 11. Qe2 Nf6 12. Bd3 cxd4 13. cxd4 a6 14. Rfc1 Nc6 15. a3 Rfc8 16. Rc3 b5 17. b4 Rc7 18. Rac1 Rac8 19. Nb1 Nd5 20. R3c2 g6 21. Qd2 Kg7 22. Be2 Nf6 23. Bd3 Nd8 24. Nc3 Nd5 25. Ne4 Rxc2 26. Rxc2 Rxc2 27. Qxc2 Nf6 28. Ng3 Qd7 29. Nd2 Qc6 30. Qxc6 Bxc6 31. f3 Nb7 32. Kf2 a5 33. Ne2 axb4 34. axb4 Nd5 35. Bb1 Nxb4 36. Nc3 Nd5 37. Nce4 f5 38. Ng3 h6 39. Ne2 Kf6 40. Nb3 Ne7 41. e4 fxe4 42. fxe4 e5 43. d5 Bd7 44. Ke3 g5 45. Bd3 Ng6 46. g3 Nc5 47. Nd2 Nxd3 48. Kxd3 Ne7 49. Nb3 Nc8 50. Nc3 Nb6 51. Na5 Na4 52. Ne2 h5 53. Nc1 h4 54. Ne2 hxg3 55. hxg3 1-0


[Site "https://www.chess.com"]

[Event "Titled Tuesday Blitz November 14 Late 2023"]
[White "Benaddi, Mouhcine"]
[Black "Desideri, Ricardo Maruchi"]
[WhiteFideId "9001050"]
[BlackFideId "2110440"]
[WhiteElo "2222"]
[BlackElo "1990"]
[Result "1-0"]
[Round "6"]
[TimeControl "180+1"]
[Date "2023.11.14"]
[WhiteClock "0:00:13"]
[BlackClock "0:00:00"]
[Board "130"]

1. Nf3 c5 2. c4 Nf6 3. Nc3 b6 4. e3 Bb7 5. d4 cxd4 6. exd4 d5 7. Ne5 e6 8. cxd5 Nxd5 9. Bb5+ Ke7 10. Qh5 g6 11. Qf3 f6 12. Ng4 Bg7 13. Bh6 Bxh6 14. Nxd5+ Bxd5 15. Qxf6+ Kd6 16. Qe5+ Ke7 17. Nxh6 Qf8 18. O-O Qxh6 19. Qxh8 Nd7 20. Qxa8 Bxa8 21. Rac1 Qg5 22. d5 Bxd5 23. f3 Nc5 24. Kh1 Bb7 25. b4 Nd7 26. Rc7 Qd5 27. Rxd7+ Qxd7 28. Bxd7 Kxd7 29. Rc1 Bd5 30. a3 a6 31. Kg1 b5 32. Kf2 Kd6 33. Ke3 e5 34. Rc8 Bc4 35. Rh8 h5 36. Rh6 Bf7 37. Ke4 Ke6 38. Rh7 Kf6 39. Rxf7+ Kxf7 40. Kxe5 g5 41. Kf5 g4 42. fxg4 1-0


[Site "https://www.chess.com"]

[Event "Titled Tuesday Blitz November 14 Late 2023"]
[White "Vila Dupla, Aurelio"]
[Black "Gyulamiryan-koryun"]
[WhiteFideId "2203383"]
[WhiteElo "2215"]
[BlackElo "1884"]
[Result "0-1"]
[Round "6"]
[TimeControl "180+1"]
[Date "2023.11.14"]
[WhiteClock "0:00:00"]
[BlackClock "0:00:20"]
[Board "131"]

1. Nf3 Nf6 2. d4 g6 3. g3 Bg7 4. Bg2 O-O 5. O-O c6 6. c4 e6 7. Nc3 d5 8. cxd5 exd5 9. h3 Ne4 10. Qb3 Qb6 11. Qxb6 axb6 12. e3 c5 13. Nxd5 cxd4 14. Nxd4 f5 15. Nxb6 Ra6 16. Nd5 Be6 17. Nxe6 Rxe6 18. f3 Nc5 19. Bd2 Na4 20. Rab1 Rd6 21. e4 Bxb2 22. Bb4 Bd4+ 23. Kh2 Bc5 24. Bxc5 Nxc5 25. Rfc1 Nbd7 26. Rb5 b6 27. Nxb6 Rxb6 28. Rxb6 Nxb6 29. Rxc5 fxe4 30. fxe4 Rf2 31. a4 Nxa4 32. Kg1 Rb2 33. e5 Kf8 34. Rc7 Re2 35. Rxh7 Rxe5 36. Ra7 Nc5 37. Rc7 Nd3 38. Rd7 Re1+ 39. Kh2 Ne5 40. Rd8+ Ke7 0-1


[Site "https://www.chess.com"]

[Event "Titled Tuesday Blitz November 14 Late 2023"]
[White "Vargas, Mauricio"]
[Black "Acosta Cruz, Oscar Yosimar"]
[WhiteFideId "4404572"]
[BlackFideId "5111269"]
[WhiteElo "1848"]
[BlackElo "2207"]
[Result "0-1"]
[Round "6"]
[TimeControl "180+1"]
[Date "2023.11.14"]
[WhiteClock "0:00:00"]
[BlackClock "0:00:58"]
[Board "132"]

1. e4 c6 2. Nc3 d5 3. d3 d4 4. Nce2 c5 5. f4 Nc6 6. Nf3 Bg4 7. Ng3 e5 8. f5 Nf6 9. h3 Bxf3 10. Qxf3 Be7 11. Be2 Qb6 12. O-O Nb4 13. Bd1 O-O-O 14. a3 Nc6 15. Rb1 h5 16. Bd2 Kb8 17. b4 cxb4 18. axb4 Bxb4 19. Qe2 Qc5 20. Qe1 Bxd2 21. Qxd2 h4 22. Ne2 Nh5 23. Qc1 Rc8 24. Qb2 Rc7 25. Re1 Qe7 26. c4 dxc3 27. Nxc3 Nf4 28. Nd5 Qc5+ 29. Kh2 Nxd3 30. Qd2 Nxe1 31. Qxe1 Rd7 32. Ba4 Rhd8 33. Qxh4 Rxd5 34. exd5 Qxd5 35. Qg3 Ka8 36. Qxg7 e4 37. Qg3 Ne5 38. Rd1 Nd3 0-1


[Site "https://www.chess.com"]

[Event "Titled Tuesday Blitz November 14 Late 2023"]
[White "Minina, Veronika"]
[Black "DAVIDHDZSTS"]
[WhiteFideId "4174780"]
[WhiteElo "2275"]
[BlackElo "1861"]
[Result "1-0"]
[Round "6"]
[TimeControl "180+1"]
[Date "2023.11.14"]
[WhiteClock "0:00:43"]
[BlackClock "0:00:01"]
[Board "133"]

1. Nf3 e6 2. g3 f5 3. Bg2 Nf6 4. c4 d5 5. O-O Bd6 6. d3 c6 7. Nbd2 O-O 8. Qc2 Qe7 9. e4 fxe4 10. dxe4 dxe4 11. Nxe4 Nxe4 12. Qxe4 Nd7 13. Ng5 Nf6 14. Qh4 e5 15. b3 Bf5 16. Bb2 h6 17. Nf3 Rfe8 18. Rae1 Qc7 19. c5 Bxc5 20. Bxe5 Qf7 21. Rd1 Ng4 22. Bc3 g5 23. Nxg5 Qg6 24. Nh3 Be7 25. Nf4 Bxh4 26. Nxg6 Bxg6 27. gxh4 Rad8 28. Rxd8 Rxd8 29. h3 Rd3 30. Ba1 Nxf2 31. Rxf2 Rd1+ 32. Rf1 Rxf1+ 33. Kxf1 Kf7 34. Kf2 Ke6 35. Ke3 h5 36. Kf4 c5 37. Kg5 b6 38. Kxg6 1-0


[Site "https://www.chess.com"]

[Event "Titled Tuesday Blitz November 14 Late 2023"]
[White "Perry, Patrick"]
[Black "Quirke, Jeffrey"]
[WhiteFideId "30917727"]
[BlackFideId "2013029"]
[WhiteElo "2244"]
[BlackElo "2269"]
[Result "1-0"]
[Round "6"]
[TimeControl "180+1"]
[Date "2023.11.14"]
[WhiteClock "0:00:13"]
[BlackClock "0:00:00"]
[Board "134"]

1. e4 e6 2. d4 d5 3. Nc3 Nf6 4. e5 Nfd7 5. Nce2 c5 6. c3 Nc6 7. Nf3 Be7 8. Nf4 cxd4 9. cxd4 Qb6 10. Be2 a5 11. O-O O-O 12. Rb1 a4 13. Be3 a3 14. b3 Nb4 15. Qd2 Qa5 16. Rfc1 Nb6 17. Nh5 Bd7 18. Bh6 Nxa2 19. Bxg7 Qxd2 20. Nxd2 Nxc1 21. Rxc1 a2 22. Ra1 Rfc8 23. Bf6 Bb4 24. Nf1 Rc2 25. Bd3 Rcc8 26. g4 Bc3 27. Rxa2 Rxa2 28. Be7 Bxd4 29. Nf6+ Kh8 30. Bxh7 Bxe5 31. Bd3 Rc3 32. Nxd7 Nxd7 33. Bb5 Nb6 34. Be8 Kg7 35. Ng3 Rcc2 36. Nh5+ Kh6 37. Bxf7 Rxf2 38. Bf8+ Kg5 39. Be7+ Kxg4 40. Bc5 Rg2+ 41. Kf1 Rxh2 42. Bxb6 Kg5 43. Be3+ 1-0


[Site "https://www.chess.com"]

[Event "Titled Tuesday Blitz November 14 Late 2023"]
[White "Cardozo Munar, Carlos Eduardo"]
[Black "Smirnov, Timofey"]
[WhiteFideId "4409477"]
[BlackFideId "24176427"]
[WhiteElo "2264"]
[BlackElo "2097"]
[Result "1-0"]
[Round "6"]
[TimeControl "180+1"]
[Date "2023.11.14"]
[WhiteClock "0:00:18"]
[BlackClock "0:00:02"]
[Board "135"]

1. e4 e5 2. Nf3 Nf6 3. Nc3 Bb4 4. Bc4 O-O 5. O-O d6 6. d3 Be6 7. Bg5 h6 8. Bxf6 Qxf6 9. Nd5 Bxd5 10. Bxd5 c6 11. Bb3 a6 12. c3 Bc5 13. d4 exd4 14. cxd4 Ba7 15. e5 dxe5 16. dxe5 Qe7 17. Re1 Rd8 18. Qe2 Kh8 19. Qc4 Rf8 20. Rad1 Nd7 21. e6 Nb6 22. Qg4 fxe6 23. Rxe6 Qc5 24. Rf1 Nd5 25. h4 Rf6 26. h5 Raf8 27. Rxf6 Nxf6 28. Qg6 Qxh5 29. Qd3 Ng4 30. Bc2 Nf6 31. Re1 Qg4 32. Kf1 Qd7 33. Qxd7 Nxd7 34. Re7 Rd8 35. Nh4 Bc5 36. Ng6+ Kg8 37. Re2 Nf6 38. f3 Re8 39. Ne5 Bd6 40. Bb3+ Kf8 41. Ng6# 1-0


[Site "https://www.chess.com"]

[Event "Titled Tuesday Blitz November 14 Late 2023"]
[White "Senft, Sean"]
[Black "Dahlgren, James Allen"]
[WhiteFideId "2044960"]
[BlackFideId "22256873"]
[WhiteElo "2252"]
[BlackElo "2140"]
[Result "1-0"]
[Round "6"]
[TimeControl "180+1"]
[Date "2023.11.14"]
[WhiteClock "0:00:52"]
[BlackClock "0:00:17"]
[Board "136"]

1. d4 e6 2. c4 c5 3. d5 d6 4. Nc3 e5 5. e4 f5 6. f4 Nf6 7. Nf3 fxe4 8. Ng5 Bf5 9. Be2 Nbd7 10. O-O Be7 11. Bh5+ Bg6 12. Bxg6+ hxg6 13. Ne6 Qb6 14. Nxg7+ Kf7 15. Ne6 Rh5 16. fxe5 Nxe5 17. Nxe4 Rah8 18. h3 Nxc4 19. Qf3 Rf5 20. Bf4 Qxb2 21. g4 Ne5 22. Qg2 Qxg2+ 23. Kxg2 Nxe4 24. gxf5 gxf5 25. Bxe5 dxe5 26. Rxf5+ Kg6 27. Rxe5 Nd6 28. Nf4+ Kf6 29. Re6+ Kf7 30. Rf1 Ke8 31. Ng6 Rh7 32. Rfe1 Nf5 33. d6 Nxd6 34. Rxd6 Rg7 35. Rxe7+ 1-0


[Site "https://www.chess.com"]

[Event "Titled Tuesday Blitz November 14 Late 2023"]
[White "Travadon, Loic"]
[Black "Mariia89"]
[WhiteFideId "26092131"]
[WhiteElo "2174"]
[BlackElo "2150"]
[Result "1-0"]
[Round "6"]
[TimeControl "180+1"]
[Date "2023.11.14"]
[WhiteClock "0:01:33"]
[BlackClock "0:00:00"]
[Board "137"]

1. e4 c6 2. d4 d5 3. Nd2 dxe4 4. Nxe4 Nf6 5. Nxf6+ exf6 6. c3 Be7 7. Bd3 Na6 8. Qc2 Nc7 9. Ne2 Bg4 10. f3 Bh5 11. Bf4 Nd5 12. Bd2 Bg6 13. O-O-O Bxd3 14. Qxd3 h5 15. Kb1 a5 16. Nf4 a4 17. Rhe1 Nxf4 18. Bxf4 O-O 19. h4 a3 20. b3 Bd6 21. Bc1 Bg3 22. Re4 f5 23. Re2 Qxh4 24. Qxf5 g6 25. Qd3 Bf4 26. Re4 g5 27. Bxf4 gxf4 28. Qd2 Rfe8 29. Qxf4 Rxe4 30. Qxe4 Qf2 31. Qc2 Qg3 32. Qe2 Qg6+ 33. Kc1 Kf8 34. Re1 1-0


[Site "https://www.chess.com"]

[Event "Titled Tuesday Blitz November 14 Late 2023"]
[White "Ghosh, Chanchal Kumer"]
[Black "Oliveira, Tiago Batista"]
[WhiteFideId "10201858"]
[BlackFideId "2108291"]
[WhiteElo "2156"]
[BlackElo "2064"]
[Result "1-0"]
[Round "6"]
[TimeControl "180+1"]
[Date "2023.11.14"]
[WhiteClock "0:00:19"]
[BlackClock "0:00:11"]
[Board "138"]

1. e4 e5 2. Nf3 Nc6 3. Bc4 Bc5 4. c3 Nf6 5. d4 exd4 6. cxd4 Bb4+ 7. Nc3 Nxe4 8. O-O Bxc3 9. d5 Bf6 10. Re1 Ne7 11. Rxe4 d6 12. Bg5 Bxg5 13. Nxg5 h6 14. Qe2 hxg5 15. Re1 Be6 16. dxe6 f5 17. Re3 c6 18. Rh3 Rxh3 19. gxh3 g6 20. Qd2 d5 21. Qd4 Ng8 22. Qg7 Qf6 23. Qxg8+ Ke7 24. Qxa8 dxc4 25. Qxb7+ 1-0


[Site "https://www.chess.com"]

[Event "Titled Tuesday Blitz November 14 Late 2023"]
[White "Curtis, John"]
[Black "Freeeeeeeeeeeeeeeeee"]
[WhiteFideId "3200256"]
[WhiteElo "2155"]
[BlackElo "2036"]
[Result "1-0"]
[Round "6"]
[TimeControl "180+1"]
[Date "2023.11.14"]
[WhiteClock "0:00:55"]
[BlackClock "0:00:00"]
[Board "139"]

1. d4 d5 2. Nf3 e6 3. c4 c6 4. Nc3 dxc4 5. a4 Bb4 6. g3 b5 7. Bg2 Bb7 8. Ne5 Qc8 9. O-O Nf6 10. Bd2 a6 11. Nxb5 cxb5 12. Bxb4 Bxg2 13. Kxg2 Nc6 14. Bd6 Nxe5 15. dxe5 Qc6+ 16. Kg1 Ne4 17. axb5 axb5 18. Qd4 Rd8 19. Rfd1 Nxd6 20. exd6 O-O 21. d7 f6 22. Ra7 e5 23. Qd5+ Qxd5 24. Rxd5 Rb8 25. Ra5 Rfd8 26. Ra7 b4 27. Rc7 c3 28. bxc3 b3 29. Rd1 b2 30. Rb1 Kf7 31. Ra7 Ke6 32. Ra6+ Kxd7 33. Ra2 Rdc8 34. Rbxb2 Rxb2 35. Rxb2 Rxc3 36. Rb7+ Rc7 37. Rb8 Ke6 38. Kg2 h6 39. h4 g6 40. Rh8 h5 41. Rh6 Kf7 42. Rh7+ Ke6 43. Rxc7 1-0


[Site "https://www.chess.com"]

[Event "Titled Tuesday Blitz November 14 Late 2023"]
[White "Martinez Alcantara, Jose Eduardo"]
[Black "Erigaisi Arjun"]
[WhiteFideId "3805662"]
[BlackFideId "35009192"]
[WhiteElo "3035"]
[BlackElo "3053"]
[Result "0-1"]
[Round "7"]
[TimeControl "180+1"]
[Date "2023.11.14"]
[WhiteClock "0:00:02"]
[BlackClock "0:00:04"]
[Board "1"]

1. e4 c6 2. d4 d5 3. e5 Bf5 4. h4 h6 5. g4 Be4 6. f3 Bh7 7. Bd3 Bxd3 8. Qxd3 e6 9. h5 c5 10. c3 Nc6 11. Ne2 Qb6 12. a3 Rc8 13. Nd2 c4 14. Qc2 Nge7 15. f4 Na5 16. Ng3 g6 17. hxg6 fxg6 18. f5 gxf5 19. gxf5 Rg8 20. Nh5 Rg2 21. Qa4+ Kd8 22. Nf6 Nac6 23. fxe6 Nxe5 24. Kf1 Rg5 25. dxe5 Rf5+ 26. Ke1 Qxe6 27. Kd1 Rxe5 28. Rf1 Bg7 29. Qxa7 Bxf6 30. Nf3 Re2 31. Bd2 Qe4 32. Qxb7 Rc6 33. Qb8+ Kd7 34. Qb7+ Ke8 35. Qb8+ Kd7 36. a4 Re6 37. Qb5+ Nc6 38. Qb7+ Ke8 39. Rg1 Be7 40. Rf1 Qd3 41. Qc8+ Nd8 42. Rc1 Rg2 43. Re1 Qxf3+ 44. Kc2 Rxd2+ 45. Kxd2 Qd3# 0-1


[Site "https://www.chess.com"]

[Event "Titled Tuesday Blitz November 14 Late 2023"]
[White "Nakamura, Hikaru"]
[Black "Naroditsky, Daniel"]
[WhiteFideId "2016192"]
[BlackFideId "2026961"]
[WhiteElo "3283"]
[BlackElo "3107"]
[Result "1-0"]
[Round "7"]
[TimeControl "180+1"]
[Date "2023.11.14"]
[WhiteClock "0:00:14"]
[BlackClock "0:00:01"]
[Board "2"]

1. d4 Nf6 2. c4 g6 3. Nc3 Bg7 4. e4 d6 5. Be2 O-O 6. Be3 Na6 7. h4 e5 8. d5 Nc5 9. Qc2 h5 10. Nh3 c6 11. f3 cxd5 12. cxd5 Bd7 13. Ng5 Rc8 14. Qd2 Qa5 15. O-O Nh7 16. Rab1 Nxg5 17. hxg5 Na4 18. b4 Qd8 19. Nxa4 Bxa4 20. Rfc1 Qd7 21. b5 a6 22. bxa6 bxa6 23. Bxa6 Rxc1+ 24. Rxc1 Bb5 25. Bxb5 Qxb5 26. Kh2 Ra8 27. Rc3 Qb1 28. a3 Bf8 29. Qc1 Qa2 30. Bd2 Kg7 31. Rd3 Be7 32. Bb4 Qe2 33. Qd2 Qf1 34. Rc3 h4 35. Rc1 Qb5 36. Rc7 Re8 37. f4 h3 38. f5 hxg2 39. f6+ Kg8 40. Kxg2 Bf8 41. Qc2 Qb8 42. Qc6 Qd8 43. Qd7 Qxd7 44. Rxd7 Ra8 45. Kf3 Ra6 46. Ke3 Rb6 47. Kd3 Ra6 48. Kc4 Ra8 49. Kb3 Rb8 50. a4 Ra8 51. a5 Rb8 52. a6 Ra8 53. a7 Kh8 54. Ka4 Kg8 55. Kb5 Kh8 56. Ka6 Kg8 57. Kb7 Re8 58. a8=Q 1-0


[Site "https://www.chess.com"]

[Event "Titled Tuesday Blitz November 14 Late 2023"]
[White "Nihal Sarin"]
[Black "Khismatullin, Denis"]
[WhiteFideId "25092340"]
[BlackFideId "4142578"]
[WhiteElo "3101"]
[BlackElo "2971"]
[Result "0-1"]
[Round "7"]
[TimeControl "180+1"]
[Date "2023.11.14"]
[WhiteClock "0:00:00"]
[BlackClock "0:00:02"]
[Board "3"]

1. d4 d5 2. Nf3 Nf6 3. Bf4 c5 4. e3 Nc6 5. Nbd2 Bg4 6. c3 e6 7. Qa4 Bxf3 8. Nxf3 a6 9. Ne5 Rc8 10. Nxc6 Qd7 11. dxc5 Bxc5 12. Bd3 Qxc6 13. Qc2 h6 14. Be5 Be7 15. O-O-O b5 16. Kb1 O-O 17. g4 Nd7 18. Bg3 Nc5 19. Bh7+ Kh8 20. h4 Na4 21. Bd3 b4 22. cxb4 Qd7 23. Qb3 Bf6 24. Rd2 a5 25. bxa5 Nc5 26. Qb5 Qa7 27. g5 Rb8 28. Bxb8 Rxb8 29. Qc6 Qxa5 30. Rc2 Bxb2 31. Rxb2 Rxb2+ 32. Kxb2 Nxd3+ 33. Ka1 Qd2 34. Rb1 Kh7 35. gxh6 Kxh6 36. Qc8 Qxf2 37. Qh8+ Kg6 38. Qc8 Qf6+ 0-1


[Site "https://www.chess.com"]

[Event "Titled Tuesday Blitz November 14 Late 2023"]
[White "Tabatabaei, M. Amin"]
[Black "Dragomirescu, Robin-Alexandru"]
[WhiteFideId "12521213"]
[BlackFideId "1213849"]
[WhiteElo "3087"]
[BlackElo "2606"]
[Result "1-0"]
[Round "7"]
[TimeControl "180+1"]
[Date "2023.11.14"]
[WhiteClock "0:01:15"]
[BlackClock "0:00:03"]
[Board "4"]

1. e4 Nc6 2. Nf3 d6 3. d4 Nf6 4. Nc3 g6 5. h3 Bg7 6. Be3 O-O 7. Qd2 a6 8. Bh6 b5 9. Bd3 b4 10. Ne2 a5 11. g4 a4 12. Ng3 Ba6 13. Rg1 Bxd3 14. cxd3 Qd7 15. Nf5 Bh8 16. Bxf8 Rxf8 17. Rc1 e6 18. Ne3 Ne8 19. d5 Nd4 20. Nxd4 Bxd4 21. Qxb4 Bc5 22. Qc3 Qb5 23. Ke2 Ng7 24. Rc2 Re8 25. Qc4 Qb6 26. Qxa4 Bxe3 27. fxe3 exd5 28. Qc6 Qa7 29. Qxd5 Re5 30. Qd4 Qa5 31. Qc3 Qxa2 32. Qxc7 h5 33. Qc4 Qa5 34. b4 Qa4 35. b5 Qa7 36. Rb1 hxg4 37. Qc8+ Kh7 38. hxg4 Qa4 39. Rh1+ Nh5 40. gxh5 1-0


[Site "https://www.chess.com"]

[Event "Titled Tuesday Blitz November 14 Late 2023"]
[White "Bazeev, German"]
[Black "Paravyan, David"]
[WhiteFideId "24119350"]
[BlackFideId "4194985"]
[WhiteElo "2821"]
[BlackElo "3023"]
[Result "1/2-1/2"]
[Round "7"]
[TimeControl "180+1"]
[Date "2023.11.14"]
[WhiteClock "0:00:08"]
[BlackClock "0:00:27"]
[Board "5"]

1. c4 e6 2. Nf3 d5 3. d4 Nf6 4. g3 Be7 5. Bg2 O-O 6. O-O dxc4 7. Qc2 b5 8. a4 Bb7 9. axb5 a6 10. Nc3 axb5 11. Rxa8 Bxa8 12. Nxb5 Bd5 13. Bg5 Nc6 14. Bxf6 Bxf6 15. e3 Nb4 16. Qd1 c5 17. dxc5 Bxb2 18. Qa4 Nd3 19. e4 Bxe4 20. Qxc4 Qd5 21. Qxd5 Bxd5 22. Rb1 Bf6 23. Nd2 Bxg2 24. Kxg2 Nxc5 25. Nd6 Be7 26. N2c4 Rd8 27. Rb5 Nd3 28. Rb7 Kf8 29. Ne4 f6 30. Na5 Ne5 31. f4 Ra8 32. fxe5 Rxa5 33. exf6 gxf6 34. Rb8+ Kf7 35. Rb7 Rd5 36. Kf3 h6 37. g4 Rd3+ 38. Kf2 h5 39. gxh5 Rh3 40. Nd6+ Kf8 41. Rb8+ Kg7 42. Rb7 Rxh2+ 43. Kf3 Rxh5 44. Rxe7+ Kg6 45. Rxe6 Re5 46. Rxe5 fxe5 47. Ke4 Kg5 48. Nc4 Kg4 49. Nxe5+ 1/2-1/2


[Site "https://www.chess.com"]

[Event "Titled Tuesday Blitz November 14 Late 2023"]
[White "Maghsoodloo, Parham"]
[Black "Troff, Kayden"]
[WhiteFideId "12539929"]
[BlackFideId "2047896"]
[WhiteElo "2974"]
[BlackElo "2817"]
[Result "0-1"]
[Round "7"]
[TimeControl "180+1"]
[Date "2023.11.14"]
[WhiteClock "0:00:07"]
[BlackClock "0:00:15"]
[Board "6"]

1. d4 Nf6 2. c4 g6 3. Nc3 d5 4. Nf3 Bg7 5. e3 O-O 6. Be2 c5 7. dxc5 dxc4 8. Qa4 Nd5 9. Nxd5 Qxd5 10. Qxc4 Qxc4 11. Bxc4 Nd7 12. c6 bxc6 13. Nd4 Ne5 14. Be2 c5 15. Nf3 Rb8 16. Nd2 Rd8 17. Rb1 c4 18. Nxc4 Nxc4 19. Bxc4 Bc3+ 20. Ke2 Bf5 21. Ra1 Bxb2 22. Bxb2 Bg4+ 23. Kf1 Rxb2 24. h3 Be6 25. Bxe6 fxe6 26. Kg1 Rdd2 27. Rf1 Rxa2 28. g4 Re2 29. h4 a5 30. Rh3 a4 31. Rf3 e5 32. Rc1 Rec2 33. Rb1 Rab2 34. Rd1 Rd2 35. Rc1 Rd8 36. e4 Rf8 37. Rxf8+ Kxf8 38. Rc8+ Kf7 39. Ra8 Rb4 40. f3 h5 41. g5 Ke6 42. Ra6+ Kf7 43. Kg2 Rc4 44. Kg3 Rb4 45. Ra5 Rc4 46. Rxe5 Rc3 47. Ra5 a3 48. Kf4 Rb3 49. Ra7 Rc3 50. Ra6 Rb3 51. e5 Rb4+ 52. Kg3 Rb3 53. e6+ Kg7 54. Ra7 Kf8 55. Ra8+ Kg7 56. Ra7 Kf8 57. Ra8+ Kg7 58. Kf4 Rb4+ 59. Ke5 Rb5+ 60. Kd4 Rb6 61. Kd5 Rb5+ 62. Kc6 Rb3 63. f4 Rd3 64. Kc5 Rc3+ 65. Kd5 Rf3 66. Ke4 Rb3 67. Ra7 Kf8 68. Ra8+ Kg7 69. Kd4 Rb4+ 70. Ke5 Rb5+ 71. Ke4 Rb4+ 72. Kd5 Rxf4 73. Re8 Ra4 74. Rxe7+ Kf8 75. Rf7+ Ke8 76. Rf1 a2 77. Ra1 Ke7 78. Ke5 Ra5+ 79. Kd4 Kxe6 80. Kc3 Kf5 81. Kb2 Kg4 82. Rg1+ Kxh4 83. Ka1 Kh3 84. Rf1 Kg4 85. Rg1+ Kf4 86. Rf1+ Kxg5 87. Rg1+ Kh6 0-1


[Site "https://www.chess.com"]

[Event "Titled Tuesday Blitz November 14 Late 2023"]
[White "Ibarra Jerez, Jose Carlos"]
[Black "Holt, Conrad"]
[WhiteFideId "2226332"]
[BlackFideId "2034387"]
[WhiteElo "2964"]
[BlackElo "2793"]
[Result "0-1"]
[Round "7"]
[TimeControl "180+1"]
[Date "2023.11.14"]
[WhiteClock "0:00:00"]
[BlackClock "0:00:06"]
[Board "7"]

1. e4 e6 2. d4 d5 3. Nc3 Nf6 4. Bg5 dxe4 5. Nxe4 Be7 6. Bxf6 Bxf6 7. Nf3 Nd7 8. c3 O-O 9. Bd3 e5 10. Qc2 exd4 11. cxd4 Re8 12. O-O-O Nf8 13. Ne5 Bxe5 14. dxe5 Rxe5 15. f4 Ra5 16. Ng5 Qf6 17. Kb1 Bf5 18. Rhf1 Bxd3 19. Rxd3 h6 20. Ne4 Qa6 21. a3 Ne6 22. Qd1 Qc6 23. Qe2 Rd5 24. Rc3 Qd7 25. f5 Nd4 26. Qg4 Kh8 27. Ng3 Re8 28. Nh5 f6 29. Nf4 Qxf5+ 30. Qxf5 Rxf5 31. Rxc7 Re4 32. Ng6+ Kh7 33. Rxf5 Nxf5 34. Nf8+ Kg8 35. Ng6 Re1+ 36. Ka2 Kh7 37. Nf8+ Kg8 38. Ng6 Re2 39. Nf4 Rf2 40. g3 Nd6 41. Rd7 Rd2 42. Ne6 g5 43. Rg7+ Kh8 44. Rd7 Nc4 45. Rxb7 a5 46. Nc5 Rxh2 47. Ne4 Kg8 48. Nxf6+ Kf8 49. g4 Ne3 50. Nh7+ Ke8 51. Nf6+ Kd8 52. Rb5 a4 53. Ra5 Nc4 54. Rd5+ Ke7 55. Nh5 Rxb2+ 56. Ka1 Rb3 57. Rd4 Rxa3+ 58. Kb1 Rc3 59. Rd5 a3 60. Rc5 Nd2+ 0-1


[Site "https://www.chess.com"]

[Event "Titled Tuesday Blitz November 14 Late 2023"]
[White "Grischuk, Alexander"]
[Black "Nazari, Arad"]
[WhiteFideId "4126025"]
[BlackFideId "12577324"]
[WhiteElo "2949"]
[BlackElo "2778"]
[Result "0-1"]
[Round "7"]
[TimeControl "180+1"]
[Date "2023.11.14"]
[WhiteClock "0:00:03"]
[BlackClock "0:00:07"]
[Board "8"]

1. d4 Nf6 2. c4 g6 3. h4 Bg7 4. Nc3 d5 5. h5 Nxh5 6. cxd5 c6 7. e4 cxd5 8. e5 Bf8 9. Be2 Ng7 10. Bh6 Nc6 11. Qd2 Nf5 12. Bxf8 Rxf8 13. Nf3 h5 14. O-O-O Qa5 15. Kb1 Be6 16. Rc1 a6 17. Ka1 Kd7 18. Bd1 Rfc8 19. Bb3 Rd8 20. Qf4 Rac8 21. Na4 Kc7 22. Rc3 Kb8 23. Rhc1 Na7 24. Nc5 Nb5 25. R3c2 Rc6 26. a3 Rdc8 27. Ba4 Nbxd4 28. Nxd4 Rxc5 29. Rxc5 Rxc5 30. Nxe6 fxe6 31. Bd7 Rxc1+ 32. Qxc1 Qc7 33. Qxc7+ Kxc7 34. Bxe6 Kc6 35. Kb1 h4 36. Kc1 Kc5 37. Kd2 Kd4 38. Bf7 g5 39. e6 Nd6 40. Bg6 Ke5 41. Kd3 b6 42. b3 Kxe6 43. a4 Ke5 44. Bh7 a5 45. Bg6 Ne4 46. Ke3 d4+ 47. Kd3 Nxf2+ 48. Kc4 Ne4 49. Kb5 Nc5 50. Bc2 d3 51. Bd1 Nd7 52. Kc6 Nf6 53. Kxb6 g4 54. b4 h3 55. gxh3 gxh3 56. bxa5 h2 57. Bf3 d2 58. a6 d1=Q 59. Bxd1 h1=Q 60. Bb3 Qb1 61. a7 Qxb3+ 62. Ka6 Qxa4+ 63. Kb7 Qxa7+ 64. Kc8 Kd4 65. Kd8 Qd7# 0-1


[Site "https://www.chess.com"]

[Event "Titled Tuesday Blitz November 14 Late 2023"]
[White "Zeltsan, Joseph"]
[Black "Zhigalko, Sergei"]
[WhiteFideId "30932980"]
[BlackFideId "13502956"]
[WhiteElo "2729"]
[BlackElo "2901"]
[Result "0-1"]
[Round "7"]
[TimeControl "180+1"]
[Date "2023.11.14"]
[WhiteClock "0:00:00"]
[BlackClock "0:00:04"]
[Board "9"]

1. e4 c5 2. Nf3 Nc6 3. Bb5 Nf6 4. Nc3 Qc7 5. O-O Nd4 6. Re1 a6 7. e5 Nxb5 8. exf6 Nxc3 9. fxg7 Bxg7 10. dxc3 d6 11. Bg5 Be6 12. Bf4 h6 13. Qd2 O-O-O 14. Rad1 Bg4 15. Qd3 e5 16. Bg3 f5 17. h3 e4 18. Qd5 Bxf3 19. gxf3 Be5 20. fxe4 f4 21. Bxf4 Rhg8+ 22. Kf1 Qd7 23. Bxe5 Qxh3+ 24. Ke2 Qh5+ 25. Ke3 dxe5 26. Qxc5+ Kb8 27. Rd3 Rc8 28. Qd6+ Ka8 29. Kd2 Qg5+ 30. Kd1 Rcf8 31. Qc5 Qg4+ 32. Kc1 Qf4+ 33. Kb1 Qxf2 34. Qxf2 Rxf2 35. Rd5 Re2 36. Rh1 Rgg2 37. Rc1 Rxe4 38. b3 Ree2 39. Rd6 h5 40. Rh6 Rh2 41. Kb2 e4 42. c4 Ka7 43. Kc3 h4 44. Kd4 h3 45. c3 e3 46. Kd3 Rxa2 47. Kxe3 Rab2 48. b4 Rbc2 49. Rxc2 Rxc2 50. Kd3 Rg2 51. Rxh3 Rg7 52. c5 Rd7+ 53. Kc4 Rg7 54. Rh6 Rg4+ 55. Kb3 Rg7 56. Rf6 Rh7 57. Re6 Rg7 58. Rd6 Rh7 59. Kc4 Rh4+ 60. Rd4 Rh6 61. Rd7 Rg6 62. Kb3 Rh6 63. Rf7 Rg6 64. Kc4 Rg4+ 65. Kd5 Rg5+ 66. Kd6 Rg6+ 67. Ke5 Kb8 68. c4 Rg5+ 69. Ke6 Rg6+ 70. Rf6 Rg4 71. Kd5 Kc7 72. Rf7+ Kc8 73. c6 bxc6+ 74. Kc5 Kb8 75. Kb6 Kc8 76. c5 Rxb4+ 77. Kxc6 Kd8 78. Ra7 Ra4 79. Ra8+ Ke7 80. Kc7 a5 81. c6 Ra1 0-1


[Site "https://www.chess.com"]